 Dungeon Crawl Stone Soup version 0.28.0-45-g0d030f2227 (console) character file.

Game seed: 6015391005393424488

79905 Zeor the Bringer of Law (level 15, 0/101 HPs)
             Began as a Gargoyle Monk on Apr 15, 2022.
             Was the Champion of Zin.
             Slain by an orc knight
             ... wielding a +0 great sword
              (3 damage)
             ... while paralysed by an orc sorcerer
             ... on level 2 of the Orcish Mines.
             The game lasted 01:16:39 (17435 turns).

Zeor the Bringer of Law (Gargoyle Monk)            Turns: 17435, Time: 01:16:40

Health: 0/101      AC: 37    Str: 39    XL:     15   Next: 65%
Magic:  23/24      EV:  2    Int: 12    God:    Zin [******]
Gold:   1097       SH:  0    Dex: 17    Spells: 14/14 levels left

rFire   + + .      SeeInvis .   a - +3 halberd (vorpal)
rCold   + . .      Faith    .   (shield currently unavailable)
rNeg    + + .      Spirit   .   Q - +7 chain mail "Jocares" {rF++ rN+ Int-4 Slay+3}
rPois   ∞          Reflect  .   O - +1 helmet
rElec   +          Harm     .   h - +1 cloak
rCorr   .          Rampage  .   u - +1 pair of gloves
Will    +....                   (no boots)
Stlth   ..........              K - amulet of regeneration
HPRegen 1.06/turn               d - +6 ring of strength
MPRegen 0.19/turn               g - +6 ring of strength

@: paralysed, mighty, vitalised, on recite cooldown, flying
A: sickness immunity, AC +11, big wings, negative energy resistance 1,
electricity resistance, torment resistance 1, petrification resistance, talons
1, large bone plates 1, cold resistance 1, low MP 1
a: Renounce Religion, Recite, Vitalisation, Imprison, Sanctuary, Donate Gold


You were on level 2 of the Orcish Mines.
You worshipped Zin.
Zin was exalted by your worship.
You visited 4 branches of the dungeon, and saw 22 of its levels.
You also visited: Ossuary and Bailey.

You collected 1563 gold pieces.
You spent 230 gold pieces at shops.
You donated 236 gold pieces to Zin.

Inventory:

Hand Weapons
 a - a +3 vorpal halberd (weapon)
 b - a +2 broad axe of flaming
 B - a +0 arbalest
 Y - a +0 glaive
Missiles
 e - 116 bolts
 m - 4 atropa-tipped darts
 z - 4 throwing nets
 J - 26 boomerangs (quivered)
 R - 6 curare-tipped darts
 V - 5 javelins
Armour
 h - a +1 cloak (worn)
 j - a +0 pair of boots
 u - a +1 pair of gloves (worn)
 O - a +1 helmet (worn)
 Q - the +7 chain mail "Jocares" (worn) {rF++ rN+ Int-4 Slay+3}
   (You found it on level 4 of the Lair of Beasts)

   Int:       It affects your intelligence (-4).
   Slay:      It affects your accuracy & damage with ranged weapons and melee
   (+3).
   rF:        It greatly protects you from fire.
   rN:        It protects you from negative energy.
Jewellery
 d - a +6 ring of strength (left hand)
 f - a ring of protection from fire
 g - a +6 ring of strength (right hand)
 D - an amulet of reflection
 K - an amulet of regeneration (around neck)
 M - a ring of ice
 N - a ring of willpower
 W - a ring of ice
Wands
 A - a wand of flame (67)
 C - a wand of acid (9)
 E - a wand of paralysis (11)
 H - a wand of charming (4)
 P - a wand of iceblast (12)
 S - a wand of digging (9)
Scrolls
 k - 9 scrolls of teleportation
 o - a scroll of holy word
 p - a scroll of blinking
 v - 4 scrolls of fear
 x - 3 scrolls of immolation
 y - a scroll of magic mapping
 L - 2 scrolls of identify
 U - a scroll of enchant weapon
 X - a scroll of vulnerability
Potions
 c - 2 potions of mutation
 i - 7 potions of haste
 l - a potion of magic
 q - a potion of berserk rage
 r - 3 potions of invisibility
 s - 2 potions of resistance
 t - 3 potions of flight
 w - 3 potions of heal wounds
 F - 2 potions of cancellation
 I - 5 potions of curing
 T - a potion of brilliance
Miscellaneous
 G - a phial of floods


   Skills:
 * Level 14.8 Fighting
 + Level 3.6(11.0) Axes
 - Level 16.0(16.1) Polearms
 + Level 2.4 Throwing
 + Level 11.4 Armour
 + Level 5.2 Dodging
 - Level 2.4 Stealth
 - Level 1.0 Shields
 * Level 16.2 Invocations
 + Level 0.4 Evocations


You had 14 spell levels left.
You didn't know any spells.
Your spell library contained the following spells:

 Spells                   Type           Power      Damage    Failure   Level
 Pain                     Necr           0%         1d4       67%         1
 Sandblast                Erth           0%         2d4       67%         1
 Shock                    Conj/Air       0%         1d3       67%         1
 Blink                    Tloc           0%         N/A       80%         2
 Passwall                 Tmut/Erth      0%         N/A       80%         2
 Conjure Flame            Conj/Fire      0%         6-21      95%         3
 Ignite Poison            Fire/Tmut/Pois 0%         N/A       95%         3
 Inner Flame              Hex/Fire       0%         N/A       95%         3
 Stone Arrow              Conj/Erth      0%         3d7       95%         3
 Swiftness                Air            0%         N/A       95%         3
 Tukima's Dance           Hex            0%         N/A       95%         3
 Airstrike                Air            0%         N/A       100%        4
 Anguish                  Hex/Necr       0%         N/A       100%        4
 Animate Armour           Summ/Erth      0%         N/A       100%        4
 Cause Fear               Hex            0%         N/A       100%        4
 Fulminant Prism          Conj/Hex       0%         3d6       100%        4
 Iskenderun's Mystic Bla  Conj/Tloc      0%         2d3       100%        4
 Passage of Golubria      Tloc           0%         N/A       100%        4
 Sticky Flame             Conj/Fire      0%         2d3       100%        4
 Agony                    Necr           0%         N/A       100%        5
 Excruciating Wounds      Necr           0%         N/A       100%        5
 Freezing Cloud           Conj/Ice/Air   0%         6-21      100%        5
 Lee's Rapid Deconstruct  Erth           0%         3d5*      100%        5
 Manifold Assault         Tloc           0%         N/A       100%        5
 Yara's Violent Unravell  Hex/Tmut       0%         3d3       100%        5
 Simulacrum               Ice/Necr       0%         N/A       100%        6
 Enfeeble                 Hex            0%         N/A       100%        7
 Storm Form               Tmut/Air       0%         N/A       100%        7
 Discord                  Hex            0%         N/A       100%        8
 Lehudib's Crystal Spear  Conj/Erth      0%         10d2      100%        8
 Polar Vortex             Ice            0%         N/A       100%        9


Dungeon Overview and Level Annotations

Branches:
Dungeon (13/15)            Temple (1/1) D:6            Lair (6/6) D:10
 Shoals (0/4) Lair:4       Spider (0/4) Lair:2        Slime (0/5) Lair:5
    Orc (2/2) D:11        Ossuary (visited)          Bailey (visited)
    Elf: Orc:2       Vaults: D:13-14

Altars:
Ashenzari
Cheibriados
Dithmenos
Elyvilon
Fedhas
Gozag
Hepliaklqana
Kikubaaqudgha
Makhleb
Nemelex Xobeh
Okawaru
Qazlal
Ru
Sif Muna
Trog
Uskayaw
Vehumet
Wu Jian
Xom
Yredelemnul
Zin
The Shining One
Beogh
Jiyva

Shops:
D:7 =   D:10 (

Annotations:
Lair:5 2 transporters, Qeimiotua's ghost, journeyman MiFi


Innate Abilities, Weirdness & Mutations

You are immune to sickness and miasma.
Your stone body is resilient. (AC +11)
You are immune to poison.
Your large and strong wings let you fly.
You resist negative energy. (rN+)
You are resistant to electric shocks. (rElec)
You are resistant to unholy torment.
You are immune to petrification.
You have sharp toenails.
You are partially covered in large bone plates. (SH +4)
Your flesh is cold resistant. (rC+)
Your magical capacity is low. (-10% MP)


Message History

An orc wizard comes into view. It is wielding a +0 dagger.
You slash the orc knight!
You kill the orc knight!
The orc barely misses the orc warrior.
You hear a shout!
You completely miss the orc knight.
The orc knight hits you with a +0 great sword!!
An orc comes into view. It is wielding a +0 short sword.
You feel a bit more experienced.
The centaur wields a +0 shortbow.
The centaur shoots an arrow.
The arrow closely misses you.
You feel very mighty all of a sudden.
The orc warrior no longer looks unusually strong.
An orc priest comes into view. It is wielding a +0 mace.
You block the orc knight's attack.
The orc warrior hits you with a +0 battleaxe.
The orc priest shouts!
You impale the orc knight!! You claw the orc knight!!
The orc knight is severely wounded.
An ogre comes into view. It is wielding a +0 giant club.
You block the orc warrior's attack.
The orc knight hits you with a +0 great sword!!
The orc sorcerer gestures at you while chanting.
You suddenly lose the ability to move!
The orc warrior hits you but does no damage.
The orc knight hits you with a +0 great sword!
* * * LOW HITPOINT WARNING * * *
The orc warrior hits you with a +0 battleaxe!
* * * LOW HITPOINT WARNING * * *
The orc sorcerer points at you and mumbles some strange words.
You shrug off the repeated paralysis!
The orc warrior hits you with a +0 mace!
* * * LOW HITPOINT WARNING * * *
Something bites the orc wizard!
Something completely misses the orc wizard.
Something claws the orc wizard.
The orc wizard casts a spell.
The orc wizard flickers and vanishes!
Deactivating autopickup; reactivate with Ctrl-A.
The orc knight hits you with a +0 great sword.
You die... ∙∙∙∙∙∙∙ ∙∙∙∙∙∙∙ ∙∙∙∙∙∙∙ ∙∙∙∙∙∙∙ ∙∙∙∙▒∙∙ ▒▒▒▒oo∙∙∙∙∙ ▒▒∙o▒{o∙∙∙∙∙ ▒cooo∙oo∙∙∙▒ ▒∙9o▒o∙∙∙∙▒∙ ▒∙∙∙∙o▒▒∙▒)o▒∙∙ ▒▒∙▒∙▒▒ ∙∙ o∙∙∙

▒▒∙▒
∙∙∙
∙∙∙
▒∙∙


∙∙∙h ∙∙ ▒▒∙ ∙∙∙∙∙ ∙ ▒ ∙▒∙∙∙▄ You could see an orc knight (strong, mute), an orc
sorcerer (strong, blind), 4 orc warriors, a centaur, an orc priest (strong), an
orc wizard (strong) and 2 orcs.

Vanquished Creatures
  An orc warlord (Bailey)
  A fire dragon (Lair:6)
  Fannar (Lair:3)
  8 hydras
  2 catoblepae (Lair:6)
  2 centaur warriors (D:10)
  6 two-headed ogres
  12 death yaks
  2 tengu warriors (D:13)
  Urug (D:11)
  An orb spider (Lair:2)
  A swamp dragon (Lair:6)
  A deep elf pyromancer (D:12)
  A necromancer (Lair:4)
  2 orc knights
  An ugly thing (D:12)
  2 wolf spiders
  2 manticores (D:12)
  3 orc sorcerers (Orc:1)
  A cyclops (D:11)
  9 elephants (Lair:6)
  A guardian serpent (Lair:6)
  4 torpor snails
  20 cane toads
  10 black mambas
  A gargoyle (D:10)
  A kobold demonologist (D:10)
  8 komodo dragons
  An efreet (D:10)
  5 rime drakes
  3 polar bears
  4 trolls
  4 hornets
  21 blink frogs
  A snapping turtle (Lair:4)
  A meliai zombie (D:10)
  A shadow (D:12)
  A human (D:11)
  48 yaks
  17 wyverns
  3 wraiths
  3 basilisks
  3 vampire mosquitoes (D:12)
  2 redbacks (Lair:6)
  2 steam dragons (Lair:6)
  Edmund (D:6)
  3 acid dragons
  4 wargs
  13 water moccasins
  27 orc warriors
  2 black bears
  8 ogres
  6 wolves (Lair:2)
  8 centaurs
  Blork the orc (D:6)
  9 bullfrogs
  A gnoll sergeant (D:10)
  A water moccasin zombie (D:5)
  2 scorpions
  9 killer bees
  A howler monkey (D:8)
  8 wights
  An electric eel (Lair:4)
  7 centaur zombies
  4 gnoll shamans
  4 hounds
  4 human zombies (Ossuary)
  3 jellies
  20 orc priests
  A bullfrog skeleton (D:3)
  A centaur skeleton (D:7)
  Jessica (D:3)
  Natasha (thrice) (D:2)
  7 iguanas
  20 orc wizards
  4 hell rats (Lair:4)
  2 yak simulacra (Lair:4)
  2 polar bear simulacra (Lair:4)
  2 wolf simulacra (Lair:4)
  2 mummies (Ossuary)
  A hound skeleton (D:5)
  2 howler monkey zombies
  19 gnolls
  9 adders
  A shadow imp (D:8)
  An ufetubus (D:4)
  2 adder zombies (Ossuary)
  3 dart slugs
  61 orcs
  7 ball pythons
  10 endoplasms
  4 giant cockroaches
  9 goblins
  5 hobgoblins
  4 jackals (D:3)
  5 quokkas
  7 bats
  3 frilled lizards
  A goblin zombie (Ossuary)
  7 hobgoblin zombies (Ossuary)
  2 jackal zombies (Ossuary)
  21 kobolds
  12 kobold zombies (Ossuary)
  7 orc zombies (Ossuary)
  4 rats
  5 river rat simulacra (Lair:4)
  A spectral orc (D:9)
  2 pillars of salt (D:12)
632 creatures vanquished.

Vanquished Creatures (collateral kills)
  A kobold (Bailey)
1 creature vanquished.

Vanquished Creatures (others)
  A basilisk (D:10)
  A bush (Lair:6)
  32 fungi
  3 pillars of salt
  72 plants
109 creatures vanquished.

Grand Total: 742 creatures vanquished

Notes
Turn   | Place    | Note
-------+----------+-------------------------------------------
     0 | D:1      | Zeor the Gargoyle Monk began the quest for the Orb.
     0 | D:1      | Reached XP level 1. HP: 14/14 MP: 1/1
    88 | D:1      | Reached XP level 2. HP: 16/19 MP: 2/2
   667 | D:1      | Reached XP level 3. HP: 23/23 MP: 3/3
  1088 | D:2      | Noticed Natasha
  1102 | D:2      | Killed Natasha
  1103 | D:2      | Reached XP level 4. HP: 28/28 MP: 4/4
  1190 | D:2      | Found a shimmering altar of Xom.
  1357 | D:2      | Reached skill level 1 in Armour
  1647 | D:2      | Noticed Natasha
  1666 | D:2      | Killed Natasha
  1667 | D:2      | Reached XP level 5. HP: 33/33 MP: 5/5
  1840 | D:2      | Noticed Natasha
  1849 | D:2      | Killed Natasha
  1915 | D:3      | Found a faded altar of an unknown god.
  2122 | D:3      | Noticed Jessica
  2124 | D:3      | Found a faded altar of an unknown god.
  2125 | D:3      | Found a hazy altar of Hepliaklqana.
  2127 | D:3      | Gained mutation: You possess an exceptional clarity of
                  | mind. [potion of mutation]
  2127 | D:3      | Gained mutation: Your magical capacity is low. (-10% MP)
                  | [potion of mutation]
  2127 | D:3      | Gained mutation: You are frail. (-10% HP) [potion of
                  | mutation]
  2127 | D:3      | Gained mutation: You are partially covered in large bone
                  | plates. (SH +4) [potion of mutation]
  2142 | D:3      | Killed Jessica
  2143 | D:3      | Reached skill level 5 in Polearms
  2206 | D:3      | Noticed an ogre
  2573 | D:4      | Reached XP level 6. HP: 27/34 MP: 5/5
  2691 | D:4      | Found a broken altar of Ashenzari.
  2695 | D:4      | Saw a vision of the Shoals and the Spider Nest.
  2695 | D:4      | Noticed a merfolk siren
  2695 | D:4      | Noticed a merfolk siren
  2695 | D:4      | Noticed a redback
  2695 | D:4      | Noticed a merfolk siren
  2695 | D:4      | Noticed a redback
  2695 | D:4      | Noticed a wolf spider
  2695 | D:4      | Noticed a redback
  2695 | D:4      | Noticed a wolf spider
  2695 | D:4      | Noticed a merfolk siren
  2695 | D:4      | Noticed a wolf spider
  2695 | D:4      | Noticed a redback
  2695 | D:4      | Noticed a wind drake
  2695 | D:4      | Noticed a redback
  2695 | D:4      | Noticed a redback
  2695 | D:4      | Noticed a merfolk
  2696 | D:4      | Noticed a wind drake
  2772 | D:4      | Lost mutation: You possess an exceptional clarity of mind.
                  | [potion of mutation]
  2772 | D:4      | Lost mutation: You are frail. (-10% HP) [potion of
                  | mutation]
  2772 | D:4      | Gained mutation: You have sharp toenails. [potion of
                  | mutation]
  2772 | D:4      | Gained mutation: Your flesh is cold resistant. (rC+)
                  | [potion of mutation]
  3424 | D:5      | Entered Level 5 of the Dungeon
  3485 | D:5      | Reached XP level 7. HP: 43/43 MP: 6/6
  3786 | D:5      | Reached skill level 1 in Shields
  4468 | D:6      | Noticed Edmund
  4481 | D:6      | Killed Edmund
  4486 | D:6      | Reached XP level 8. HP: 48/48 MP: 7/7
  4499 | D:6      | Found a sand-covered staircase.
  4515 | D:6      | Found a staircase to the Ecumenical Temple.
  4522 | D:6      | Noticed Blork the orc
  4524 | Temple   | Entered the Ecumenical Temple
  4637 | Temple   | Became a worshipper of Zin the Law-Giver
  4637 | Temple   | Reached * piety under Zin
  4637 | Temple   | Reached ** piety under Zin
  4677 | Ossuary  | Entered an ossuary
  4697 | Ossuary  | Reached *** piety under Zin
  4847 | Ossuary  | Reached skill level 1 in Invocations
  4883 | Ossuary  | Reached **** piety under Zin
  4989 | D:6      | Killed Blork the orc
  5073 | D:6      | Found a stormy altar of Qazlal.
  5152 | D:6      | Reached skill level 5 in Fighting
  5284 | D:6      | Identified a scroll of acquirement
  5284 | D:6      | Acquired a manual of Invocations
  5361 | D:6      | Found an ancient bone altar of Kikubaaqudgha.
  5663 | D:3      | Reached skill level 5 in Armour
  5908 | D:7      | Reached XP level 9. HP: 54/54 MP: 10/10
  6268 | D:7      | Found Fucogruf's Jewellery Boutique.
  6329 | D:7      | Reached ***** piety under Zin
  6485 | D:7      | Reached skill level 5 in Invocations
  7374 | D:9      | Reached XP level 10. HP: 57/61 MP: 13/13
  7447 | D:9      | Found a basalt altar of Yredelemnul.
  7510 | D:9      | Found an iron altar of Okawaru.
  7795 | D:9      | Found a flagged portal.
  7805 | Bailey   | Entered a bailey
  7850 | Bailey   | Noticed an orc warlord
  7949 | Bailey   | Found a runed translucent gate.
  7951 | Bailey   | Found a runed translucent gate.
  7953 | Bailey   | Found a runed translucent gate.
  7974 | Bailey   | Reached skill level 10 in Polearms
  8077 | Bailey   | HP: 1/61 [orc warlord/+0 war axe (24)]
  8103 | Bailey   | Killed an orc warlord
  8173 | Bailey   | Reached skill level 10 in Invocations
  8173 | Bailey   | Reached XP level 11. HP: 69/69 MP: 14/17
  8397 | D:10     | Entered Level 10 of the Dungeon
  8497 | D:10     | Found a staircase to the Lair.
  8644 | D:10     | Found Daduscha's Hydra Hut.
  8663 | D:10     | Noticed a four-headed hydra
  8667 | D:10     | Bought a +2 broad axe of flaming for 230 gold pieces
  8824 | Lair:1   | Entered Level 1 of the Lair of Beasts
  8971 | Lair:1   | Reached XP level 12. HP: 28/76 MP: 18/18
  9241 | Lair:1   | Noticed a six-headed hydra
  9256 | Lair:1   | Killed a two-headed hydra
  9890 | Lair:2   | Reached skill level 1 in Axes
 10080 | Lair:2   | Found a hole to the Spider Nest.
 10337 | Lair:2   | Identified the +3 rapier "Huhal" {elec, rElec Will+}
 10521 | Lair:2   | Noticed a seven-headed hydra
 10533 | Lair:2   | Killed a one-headed hydra
 10865 | Lair:3   | Reached skill level 10 in Fighting
 10913 | Lair:3   | Donated 125 gold pieces to Zin
 11110 | Lair:3   | Noticed Fannar
 11124 | Lair:3   | Killed Fannar
 11135 | Lair:3   | Reached XP level 13. HP: 51/82 MP: 20/20
 11777 | Lair:4   | Found a staircase to the Shoals.
 11888 | Lair:4   | Identified the +7 chain mail "Jocares" {rF++ rN+ Int-4
                  | Slay+3}
 12405 | Lair:4   | Reached ****** piety under Zin
 12788 | Lair:5   | Reached skill level 10 in Armour
 12889 | Lair:5   | Found a transporter.
 12894 | Lair:5   | Noticed Qeimiotua's ghost (journeyman MiFi)
 12895 | Lair:5   | Found a transporter.
 13023 | Lair:5   | Found a staircase to the Slime Pits.
 13026 | Lair:5   | Found a viscous altar of Jiyva.
 13289 | Lair:6   | Entered Level 6 of the Lair of Beasts
 13607 | Lair:6   | Gained mutation: Your large and strong wings let you fly.
                  | [Gargoyle growth]
 13607 | Lair:6   | Reached XP level 14. HP: 85/91 MP: 22/22
 13731 | Lair:6   | Reached skill level 15 in Invocations
 14137 | Lair:6   | Reached skill level 15 in Polearms
 14474 | Lair:6   | Reached skill level 5 in Dodging
 14976 | D:10     | Reached XP level 15. HP: 99/99 MP: 24/24
 15584 | D:11     | Noticed Urug
 15601 | D:11     | Killed Urug
 15616 | D:11     | Found a staircase to the Orcish Mines.
 15736 | D:11     | Found a bloodstained altar of Trog.
 16956 | Orc:1    | Entered Level 1 of the Orcish Mines
 17406 | Orc:2    | Entered Level 2 of the Orcish Mines
 17433 | Orc:2    | Paralysed by an orc sorcerer for 5 turns
 17435 | Orc:2    | HP: 3/101 [orc warrior/+0 mace[an orc knight] (7)]
 17435 | Orc:2    | Slain by an orc knight

Illustrated notes

Levels and vault maps discovered:
D:1:      evilmike_arrival_crescent, layout_basic, hex_intersection,
          nicolae_figureground_sparkle
D:2:      minmay_diamond_boxcup, layout_basic, basic_altar, uniq_natasha
D:3:      layout_loops_ring, beargit_hepliaklqana_dungeon_heroes,
          shapermc_ecumenical_altar_totnotflames
D:4:      layout_loops_corners, grunt_ashenzari_visionary
          [grunt_ashenzari_visionary_shoals, grunt_ashenzari_visionary_spider],
          kennysheep_path_1
D:5:      layout_cave_pods, serial_column_ruins, column_ruins_hut_ruined,
          column_ruins_square_medium, column_ruins_columns_corner,
          column_ruins_grid_1, column_ruins_open_small, column_ruins_grid_1,
          column_ruins_columns_straight, column_ruins_columns_straight,
          column_ruins_columns_straight
D:6:      layout_cave_pools, mainiacjoe_overflow_alcove_4,
          general_overflow_altar, minmay_temple_entry_water_ring,
          nicolae_ossuary_entry_ruins, corexii_corridor_pit, uniq_blork_the_orc,
          uniq_edmund
D:7:      layout_basic, serial_shops, shop, david_defended_altar_orc
D:8:      layout_basic
D:9:      layout_basic, okawaru_trees_1, yredelemnul_forgotten_temple_becter,
          serial_aquarium, aquarium_bridge_straight [aquarium_subvault_bridge,
          aquarium_subvault_balcony, aquarium_subvault_bridge,
          aquarium_subvault_wall], aquarium_window_3, aquarium_window_corner,
          aquarium_view_2e, aquarium_view_2b, aquarium_balcony_double_2,
          enter_bailey_2
D:10:     nzn_winding_woodlands_cross [nzn_winding_woodlands_5x15_zeroes,
          nzn_winding_woodlands_5x15_split_checker,
          nzn_winding_woodlands_5x15_default, nzn_winding_woodlands_5x15_jagged,
          nzn_winding_woodlands_15x15_killbox], layout_stronghold,
          lair_entry_dummy, doesnt_shop_hydraphobe
D:11:     layout_rooms, erik_orc_4, special_room [special_room_orc],
          serial_glass, glass_columns_c, glass_columns_b, bloody_trog, uniq_urug
D:12:     layout_irregular_city
D:13:     layout_gridville, serial_ice, serial_ice_j, serial_ice_b,
          serial_ice_m, serial_ice_f
Temple:   regret_index_temple_sphere_string
Lair:1:   layout_cave_pods, grunt_megastairs_5
Lair:2:   layout_regular_city, nicolae_spider_entry_orb_guardian
Lair:3:   layout_long_grid, uniq_fannar
Lair:4:   layout_small_grid, minmay_shoals_entry_hut, minivault_25,
          eino_house_with_fridge
Lair:5:   layout_cave_pods, slime_altar_1, gammafunk_ghost_arena,
          grunt_megastairs_3
Lair:6:   guppyfry_lair_end_dragon, layout_big_grid,
          hangedman_lair_tendril_chambers, grunt_megastairs_2
Orc:1:    layout_caves, basic_altar
Orc:2:    st_orc_rangers, layout_caves, mines2_david

Skill      XL: |  1  2  3  4  5  6  7  8  9 10 11 12 13 14 15 |
---------------+----------------------------------------------+-----
Polearms       | 3 4 5 6 8 9 11 12 14 15 16 | 16.0
Armour         | 1 2 3 5 7 8 9 10 11 | 11.4
Fighting       | 4 5 6 8 9 10 11 13 14 | 14.8
Shields        | 1 |  1.0
Dodging        | 3 4 5 |  5.2
Invocations    | 3 6 10 11 13 14 15 16 | 16.2
Throwing       | 2 |  2.4
Axes           | 2 3 |  3.6
Stealth        | |  2.4
Evocations     | |  0.4

Action                   |  1- 3 |  4- 6 |  7- 9 | 10-12 | 13-15 || total
-------------------------+-------+-------+-------+-------+-------++-------
Melee: Spear             |   115 |   266 |   214 |       |       ||   595
       Punch             |       |     3 |     3 |       |       ||     6
       Kick              |       |    22 |   112 |   111 |   282 ||   527
       Halberd           |       |       |   215 |   437 |   907 ||  1559
       Broad axe         |       |       |       |    10 |    22 ||    32
Throw: Boomerang         |       |       |       |     1 |       ||     1
Invok: Recite            |       |       |     9 |     6 |     8 ||    23
       Vitalisation      |       |       |       |     1 |     3 ||     4
       Sanctuary         |       |       |       |     1 |       ||     1
       Donate Gold       |       |       |       |     1 |       ||     1
Evoke: Phial of floods   |       |       |       |     1 |       ||     1
  Use: Scroll            |       |     7 |    13 |     7 |     5 ||    32
       Potion            |       |     5 |     2 |     6 |     1 ||    14
 Stab: Sleeping          |     7 |       |       |       |       ||     7
       Invisible         |       |       |     4 |     1 |     2 ||     7
       Paralysed         |       |       |     1 |     1 |     6 ||     8
       Confused          |       |       |     1 |     2 |     6 ||     9
Armor: Ring mail         |    32 |    39 |       |       |       ||    71
       Robe              |     1 |       |       |       |       ||     1
       Chain mail        |       |    57 |   178 |   110 |   418 ||   763
       Plate armour      |       |       |       |   104 |    32 ||   136
Dodge: Dodged            |    32 |   102 |   195 |   227 |   287 ||   843
Block: Other             |       |    19 |    64 |    70 |    96 ||   249
